 Dungeon Crawl Stone Soup version 0.18.1-50-g88ac8fd (webtiles) character file.

85 Franakus the Conjurer (level 4, -3/24 HPs)
             Began as a Deep Elf Conjurer on Oct 26, 2016.
             Slain by Grinder (4 damage)
             ... on level 5 of the Dungeon.
             The game lasted 00:17:10 (816 turns).

Franakus the Conjurer (Deep Elf Conjurer)            Turns: 816, Time: 00:17:11

Health: -3/24      AC:  2    Str:  5    XL:     4   Next: 25%
Magic:  3/11       EV: 13    Int: 21    God:
Gold:   68         SH:  0    Dex: 15    Spells: 2 memorised, 7 levels left

rFire  . . .     SeeInvis .     h - +1 dagger
rCold  . . .     Gourm    .     a - +0 robe
rNeg   . . .     Faith    .     (no shield)
rPois  .         Spirit   .     (no helmet)
rElec  .         Dismiss  .     (no cloak)
rCorr  .         Reflect  .     (no gloves)
SustAt .         Harm     .     (no boots)
MR     .....                    (no amulet)
Stlth  ++........               (no ring)
                                (no ring)

@: not resistant to hostile enchantments, unstealthy
A: no striking features
a: no special abilities


You were on level 5 of the Dungeon.
You were not hungry.

You visited 1 branch of the dungeon, and saw 5 of its levels.

You collected 68 gold pieces.

Inventory:

Hand Weapons
 h - a +1 dagger (weapon)
Armour
 a - a +0 robe (worn)
Wands
 v - a wand of flame (39/48)
 w - a wand of digging (17/24)
Scrolls
 d - a scroll of remove curse
 f - a scroll of amnesia {unknown}
 t - a scroll of immolation {unknown}
Potions
 e - a potion of mutation {unknown}
 g - a potion of might {unknown}
 k - a potion of resistance {unknown}
 l - a potion of ambrosia {unknown}
 q - a potion of lignification {unknown}
 r - a potion of cancellation {unknown}
 u - a potion of haste {unknown}
Books
 b - a book of Conjurations

   Spells                             Type                      Level
   a - Magic Dart                     Conjuration                  1
   b - Searing Ray                    Conjuration                  2
   c - Dazzling Spray                 Conjuration/Hexes            3
   d - Fulminant Prism                Conjuration/Hexes            4
   e - Iskenderun's Mystic Blast      Conjuration                  4
   f - Iskenderun's Battlesphere      Conjuration/Charms           5
 s - a book of Frost

   Spells                             Type                      Level
   a - Freeze                         Ice                          1
   b - Throw Frost                    Conjuration/Ice              2
   c - Ozocubu's Armour               Charms/Ice                   3
   d - Throw Icicle                   Conjuration/Ice              4
   e - Summon Ice Beast               Ice/Summoning                4
Comestibles
 c - a bread ration


   Skills:
 + Level 0.2 Fighting
 + Level 2.8 Dodging
 + Level 2.7 Stealth
 + Level 3.9 Spellcasting
 + Level 5.5 Conjurations


You had 7 spell levels left.
You knew the following spells:

 Your Spells              Type           Power        Failure   Level  Hunger
a - Magic Dart            Conj           ####         1%          1    None
b - Searing Ray           Conj           ####..       1%          2    #......


Dungeon Overview and Level Annotations

Branches:
Dungeon (5/15)
 Temple: D:4-7

Altars:
Dithmenos
Fedhas
Ru

Annotations:
D:3 Sigmund
D:5 Grinder


Message History

Grinder hits you.
You writhe in agony.
The searing ray hits Grinder.
Grinder is heavily wounded.
Grinder hits you.
* * * LOW HITPOINT WARNING * * *
You writhe in agony.
* * * LOW HITPOINT WARNING * * *
Unknown command.
Casting: Searing Ray
Confirm with . or Enter, or press ? or * to list all spells.
Aiming: Searing Ray
Press: ? - help, Shift-Dir - straight line, f/p - Grinder
Aim: Grinder (heavily wounded)
The searing ray hits Grinder.
Grinder is heavily wounded.
Grinder barely misses you.
The searing ray hits Grinder.
Grinder is severely wounded.
Grinder hits you.
You die...

,,,* *,,,,,,**,,,,,,,>,,,,* *,,*
*,,,.#.##.,...,,,,,,,* **,*
**,,,,...#....,,,,,,,,*
*,***,,,,**..#....,,,,,,,,*
**,,*,,*,,***.....##********
,,,,,,**,,***,.....,,,###
,,,,,,......#*#.#.#**...#*******
,,,,,,...##..*#.5.###....,,,,,,*
,,,,....##....#.@........,,,,,,*
##,*#...#._...#.#........,,,,,,*
..,*##..##....#..........,,,,,,*
.#**#....##..##..........,,,,,,*
.# #.......##.#.........,,,,,,*
.# ##..#..###............,,>,,,*
.###.†##.......<.........,******
......(........##........**
.##..###.......##........**


You could see Grinder.

Vanquished Creatures
  2 worker ants
  2 adders (D:2)
  2 giant geckos (D:2)
  2 goblins
  2 hobgoblins
  2 jackals (D:2)
  2 kobolds (D:2)
  3 bats
  A giant newt (D:2)
  A rat (D:1)
19 creatures vanquished.

Notes
Turn   | Place    | Note
--------------------------------------------------------------
     0 | D:1      | Franakus the Deep Elf Conjurer began the quest for the Orb.
     0 | D:1      | Reached XP level 1. HP: 10/10 MP: 6/6
   294 | D:2      | Reached XP level 2. HP: 5/15 MP: 2/8
   314 | D:2      | Learned a level 2 spell: Searing Ray
   372 | D:2      | Reached skill level 5 in Conjurations
   428 | D:3      | Found a blossoming altar of Fedhas.
   482 | D:3      | Noticed Sigmund
   537 | D:2      | Reached XP level 3. HP: 11/19 MP: 6/9
   698 | D:5      | Entered Level 5 of the Dungeon
   711 | D:5      | Found a sacrificial altar of Ru.
   750 | D:5      | Found a shadowy altar of Dithmenos.
   758 | D:5      | Reached XP level 4. HP: 20/24 MP: 6/11
   802 | D:5      | Noticed Grinder
   804 | D:5      | Paralysed by Grinder for 7 turns
   814 | D:5      | HP: 1/24 [Grinder (2)]
   816 | D:5      | Slain by Grinder

Skill      XL: |  1  2 |
---------------+-------+-----
Conjurations   | 5 |  5.5
Fighting       | |  0.2
Dodging        | |  2.8
Stealth        | |  2.7
Spellcasting   | |  3.9

Action                   |  1- 3 |  4- 6 || total
-------------------------+-------+-------++-------
Melee: Dagger            |    13 |       ||    13
 Cast: Magic Dart        |    30 |       ||    30
       Searing Ray       |     4 |     2 ||     6
Evoke: Wand              |     2 |       ||     2
  Use: Scroll            |     8 |       ||     8
Armor: Robe              |     5 |       ||     5
Dodge: Dodged            |    21 |     3 ||    24
